 Dungeon Crawl Stone Soup version 0.28-a0-512-g960c72b710 (webtiles) character file.

Game seed: 10982685749106226062

7 Lekart the Skirmisher (level 1, -4/19 HPs)
             Began as a Draconian Abyssal Knight on Sept 22, 2021.
             Was an Initiate of Lugonu.
             Succumbed to a kobold's poison
             ... on level 1 of the Dungeon.
             The game lasted 00:01:15 (269 turns).

Lekart the Skirmisher (Draconian Abyssal Knight)     Turns: 269, Time: 00:01:16

Health: -4/19      AC:  4    Str: 15    XL:     1   Next: 83%
Magic:  2/2        EV: 12    Int: 10    God:    Lugonu [......]
Gold:   43         SH:  0    Dex: 11    Spells: 0/0 levels left

rFire   . . .      SeeInvis .   a - +1 falchion
rCold   . . .      Faith    .   (no shield)
rNeg    . . .      Spirit   .   (armour unavailable)
rPois   .          Reflect  .   (helmet restricted)
rElec   .          Harm     .   (no cloak)
rCorr   .          Rampage  .   (no gloves)
Will    .....                   (no boots)
Stlth   +.........              (no amulet)
HPRegen 0.06/turn               (no ring)
MPRegen 0.08/turn               (no ring)

@: lethally poisoned (-4 -> -32)
A: AC +4, unfitting armour, cold-blooded
a: Renounce Religion


You were on level 1 of the Dungeon.
You worshipped Lugonu.
Lugonu was noncommittal.
You visited 1 branch of the dungeon, and saw 1 of its levels.
You visited the Abyss 1 time.

You collected 43 gold pieces.

Inventory:

Hand Weapons
 a - a +1 falchion (weapon)


   Skills:
 + Level 3.6 Fighting
 + Level 2.1 Long Blades
 + Level 2.2 Dodging
 * Level 2.1 Invocations


You couldn't memorise any spells.
You didn't know any spells.
Your spell library contained the following spells:

 Spells                   Type           Power      Damage    Failure   Level
 Foxfire                  Conj/Fire      0%         2x1d4     36%         1
 Conjure Flame            Conj/Fire      0%         6-21      75%         3
 Inner Flame              Hex/Fire       0%         N/A       75%         3
 Flame Wave               Conj/Fire      0%         3d3       98%         4


Dungeon Overview and Level Annotations

Branches:
Dungeon (1/15)

Altars:


Innate Abilities, Weirdness & Mutations

Your plain brown scales are hard. (AC +4)
You cannot fit into any form of body armour.
You are cold-blooded and may be slowed by cold attacks.


Message History

A hobgoblin is nearby!
A hobgoblin is nearby!
A hobgoblin is nearby!
You closely miss the hobgoblin. The hobgoblin closely misses you.
A hobgoblin is nearby!
A hobgoblin is nearby!
You slash the hobgoblin!
You kill the hobgoblin!
Lugonu accepts your kill.
A kobold comes into view. It is wielding a +1 whip of venom.
You see here a book of Minor Magic.
The kobold shouts!
A kobold is nearby!
The kobold hits you with a +1 whip of venom.
You are poisoned.
A kobold is nearby!
You closely miss the kobold.
You feel sick.
The kobold hits you with a +1 whip of venom.
You are lethally poisoned!
There is a lethal amount of poison in your body!
You closely miss the kobold.
Your tail-slap misses the kobold.
You feel very sick.
The kobold hits you with a +1 whip of venom.
You are more poisoned.
The kobold hits you but does no damage.
You are more poisoned.
There is a lethal amount of poison in your body!
You are too injured to fight recklessly!
There is a lethal amount of poison in your body!
There is a lethal amount of poison in your body!
You are too injured to fight recklessly!
There is a lethal amount of poison in your body!
You closely miss the kobold.
Your tail-slap misses the kobold.
* * * LOW HITPOINT WARNING * * *
You feel very sick. The kobold hits you but does no damage.
You are more poisoned.
You closely miss the kobold.
You tail-slap the kobold, but do no damage.
You die...

##########
##+########.#........#
......K@..#.#.######)#
.....####:#.#.# #.#
... #......#.# #.# #
#....#.#.# #.#
#....#.#.# #.#
#.##...#.#.# #.#
.........>#.# #.#
.########.#.# #.#
.......#.#.# #.#


You could see a kobold.

Vanquished Creatures
  An endoplasm (D:1)
  A giant cockroach (D:1)
  3 hobgoblins (D:1)
5 creatures vanquished.

Notes
Turn   | Place    | Note
-------+----------+-------------------------------------------
     0 | Abyss:1  | Lekart the Draconian Abyssal Knight began the quest for the
                  | Orb.
     0 | Abyss:1  | Reached XP level 1. HP: 19/19 MP: 2/2
    31 | Abyss:2  | Noticed a small abomination
    40 | Abyss:2  | Found a corrupted altar of Lugonu.
    48 | D:1      | Escaped the Abyss
   269 | D:1      | Succumbed to a kobold's poison

Illustrated notes

Levels and vault maps discovered:
D:1:      dpeg_arrival_rooms_a, layout_basic, minmay_hexomino_u4

Action                   || total
-------------------------++-------
Melee: Falchion          ||    17
       Tailslap          ||     3
Invok: Depart the Abyss  ||     1
  Use: Scroll            ||     1
Armor: Skin              ||     3
Dodge: Dodged            ||    10

Table legend: (Time is in decaauts)
 A = Elapsed time spent in this place.
 B = Non-inter-level travel time spent in this place.
 C = Inter-level travel time spent in this place.
 D = Time resting spent in this place.
 E = Time spent auto-exploring this place.
 F = Levels seen in this place.
 G = Mean time per level.
                   A        B        C        D        E       F      G
               +--------+--------+--------+--------+--------+-----+--------+
         Total |    271 |    271 |      0 |      6 |    180 |   3 |   90.3 |
       Dungeon |    224 |    224 |      0 |      6 |    166 |   1 |  224.0 |
         Abyss |     47 |     47 |      0 |      0 |     14 |   2 |   23.5 |
               +--------+--------+--------+--------+--------+-----+--------+

Top non-repeatable levels by time:
     D:1: 224 daAuts
 Abyss:2: 26 daAuts
 Abyss:1: 21 daAuts
